 Dungeon Crawl Stone Soup version 0.23-a0-4-g8f018a2 (webtiles) character file.

25732 seren the Fighter (level 13, -4/139 HPs)
             Began as an Ogre Transmuter on July 30, 2018.
             Was an Elder of Wu Jian.
             Slain by a red ugly thing (12 damage)
             ... on level 13 of the Dungeon on July 31, 2018.
             The game lasted 02:10:18 (27088 turns).

seren the Fighter (Ogre Transmuter)                Turns: 27088, Time: 02:10:18

Health: -4/139     AC:  5    Str: 19    XL:     13   Next: 21%
Magic:  27/27      EV: 14    Int: 14    God:    Wu Jian [****..]
Gold:   972        SH:  0    Dex: 14    Spells: 15/33 levels left

rFire    . . .     SeeInvis +     - Unarmed
rCold    . . .     Gourm    .   (no shield)
rNeg     . . .     Faith    .   H - +2 robe {MR+}
rPois    .         Spirit   .   (helmet restricted)
rElec    .         Reflect  .   (no cloak)
rCorr    .         Harm     .   (gloves unavailable)
MR       ++...                  (boots unavailable)
Stlth    +.........             q - amulet of the acrobat
HPRegen  0.33/turn              w - +3 ring of dexterity
MPRegen  0.20/turn              M - ring of see invisible

@: barbed spikes, glowing, heavenly storm
A: large, unfitting armour, tough skin 1
a: Wall Jump, Serpent's Lash, Renounce Religion


You were on level 13 of the Dungeon.
You worshipped Wu Jian.
Wu Jian was greatly pleased with you.
You were not hungry.

You visited 3 branches of the dungeon, and saw 17 of its levels.

You collected 972 gold pieces.

Inventory:

Hand Weapons
 b - a +2 hunting sling of velocity
Missiles
 a - 311 arrows
 c - 4 javelins
 h - 5 throwing nets {!f}
 j - 388 stones
 k - 61 sling bullets
 y - 6 steel tomahawks
 B - 3 needles of confusion
 L - 4 large rocks (quivered)
Armour
 C - a +0 robe of positive energy
 H - a +2 robe of magic resistance (worn)
 J - a +2 robe of cold resistance
Jewellery
 q - an amulet of the acrobat (around neck)
 r - an uncursed ring of ice
 w - a +3 ring of dexterity (left hand)
 M - a ring of see invisible (right hand)
 N - an uncursed ring of stealth
 Q - an uncursed ring of poison resistance
Wands
 e - a wand of enslavement (15)
 v - a wand of scattershot (5)
 A - a wand of polymorph (44)
 I - a wand of flame (74)
 K - a wand of iceblast (7)
 P - a wand of paralysis (12)
 S - a wand of acid (11)
Scrolls
 f - 3 scrolls of fear
 g - 7 scrolls of remove curse
 l - 2 scrolls of teleportation {!r}
 s - a scroll of enchant armour {unknown}
 t - 2 scrolls of fog
 u - 2 scrolls of magic mapping
 F - a scroll of vulnerability {unknown}
 T - a scroll of summoning {unknown}
Potions
 m - 7 potions of curing
 o - a potion of berserk rage {unknown}
 p - a potion of agility
 x - a potion of mutation {!q}
 z - a potion of magic
 D - a potion of flight
 E - 4 potions of heal wounds
 G - 4 potions of brilliance
 O - a potion of ambrosia
Miscellaneous
 R - a box of beasts
Comestibles
 d - 24 rations


   Skills:
 + Level 11.9 Fighting
 + Level 7.1 Dodging
 + Level 9.7 Unarmed Combat
 + Level 10.6 Spellcasting
 - Level 2.0 Necromancy
 - Level 1.0 Translocations
 - Level 8.0 Transmutations
 - Level 4.0 Ice Magic
 - Level 2.0 Poison Magic
 - Level 6.0 Evocations


You had 15 spell levels left.
You knew the following spells:

 Your Spells              Type           Power        Failure   Level  Hunger
a - Animate Skeleton      Necr           N/A          4%          1    None
b - Sticks to Snakes      Tmut           ####....     1%          2    None
c - Spider Form           Tmut/Pois      ###.......   3%          3    #......
d - Blink                 Tloc           N/A          10%         2    None
e - Blade Hands           Tmut           ####......   10%         5    #####..
f - Beastly Appendage     Tmut           ####..       1%          1    None
i - Ice Form              Ice/Tmut       ###.....     9%          4    ###....

Your spell library contained the following spells:

 Spells                   Type           Power        Failure   Level  Hunger
 Magic Dart               Conj           #...         10%         1    None
 Conjure Flame            Conj/Fire      #.......     30%         3    #......
 Bolt of Cold             Conj/Ice       ##........   100%        6    ######.
 Lightning Bolt           Conj/Air       #.........   95%         5    #####..
 Slow                     Hex            #.......     16%         2    None
 Throw Frost              Conj/Ice       ##....       7%          2    None
 Freezing Cloud           Conj/Ice/Air   ##........   100%        6    ######.
 Mephitic Cloud           Conj/Pois/Air  #.......     22%         3    #......
 Iskenderun's Mystic Bla  Conj           #.......     69%         4    ###....
 Animate Dead             Necr           N/A          38%         4    ###....
 Pain                     Necr           ##..         4%          1    None
 Vampiric Draining        Necr           ##........   13%         3    #......
 Freeze                   Ice            ###.         1%          1    None
 Ozocubu's Refrigeration  Ice            ###.......   96%         6    ######.
 Summon Ice Beast         Ice/Summ       ##......     41%         4    ###....
 Ozocubu's Armour         Chrm/Ice       ##......     13%         3    #......
 Call Imp                 Summ           #.......     16%         2    None
 Regeneration             Chrm/Necr      ##........   19%         3    #......
 Shock                    Conj/Air       #...         10%         1    None
 Swiftness                Chrm/Air       #.......     16%         2    None
 Recall                   Summ/Tloc      N/A          24%         3    #......
 Death Channel            Necr           ##........   100%        6    ######.
 Throw Icicle             Conj/Ice       ##......     41%         4    ###....
 Airstrike                Air            #.........   69%         4    ###....
 Metabolic Englaciation   Hex/Ice        ##........   77%         5    #####..
 Static Discharge         Conj/Air       #.......     30%         3    #......
 Simulacrum               Ice/Necr       ###.......   99%         6    ######.
 Fulminant Prism          Conj/Hex       #.........   69%         4    ###....
 Dazzling Spray           Conj/Hex       #.....       30%         3    #......
 Force Lance              Conj/Tloc      #.......     63%         4    ###....
 Searing Ray              Conj           #.....       16%         2    None
 Borgnjor's Vile Clutch   Necr/Erth      ##........   87%         5    #####..


Dungeon Overview and Level Annotations

Branches:
Dungeon (13/15)            Temple (1/1) D:6            Lair (3/6) D:11
    Orc (0/2) D:9
  Swamp: Lair:2-4    Shoals: Lair:2-4     Snake: Lair:2-4    Spider: Lair:2-4
 Vaults: D:13-14

Altars:
Ashenzari
Cheibriados
Dithmenos
Elyvilon
Fedhas
Gozag
Hepliaklqana
Kikubaaqudgha
Makhleb
Nemelex Xobeh
Okawaru
Qazlal
Ru
Sif Muna
Trog
Uskayaw
Vehumet
Wu Jian
Xom
Yredelemnul
Zin
The Shining One

Shops:
D:9 (

Annotations:
D:8 2 runed doors, azzavlup's ghost, novice DsAK
Lair:1 exclusion: 2 oklob plants
Lair:2 exclusion: downstairs
Lair:3 Rupert


Innate Abilities, Weirdness & Mutations

You are too large for most types of armour.
You have tough skin. (AC +1)


Message History

The mass of ice explodes!
The iceblast engulfs the red ugly thing.
The red ugly thing is moderately wounded.
The barbed spikes dig painfully into your body as you move.
* * * LOW HITPOINT WARNING * * *
The barbed spikes dig painfully into your body as you move.
* * * LOW HITPOINT WARNING * * *
The red ugly thing gores you!
* * * LOW HITPOINT WARNING * * *
You are engulfed in flames!!
* * * LOW HITPOINT WARNING * * *
You repeatedly attack the red ugly thing from above.
You hit the red ugly thing.
The red ugly thing is moderately wounded.
You pummel the red ugly thing!!
The red ugly thing is severely wounded.
The barbed spikes dig painfully into your body as you move.
* * * LOW HITPOINT WARNING * * *
The red ugly thing closely misses you. The red ugly thing gores you!
You die...

############
#§§§.......#
#u########<#
#@# #.# #§#
#.# #§# #.#
#§# #.#
#§§§# ...
.§§#§§. ..#
#.##. .#(.u
..# # ##
##(..# ((#


You could see a red ugly thing.

Vanquished Creatures
  Fannar (D:11)
  Harold (D:7)
  A hydra (Lair:1)
  A centaur warrior (D:11)
  A two-headed ogre (D:9)
  2 cyclopes
  An ugly thing (D:11)
  A manticore (D:13)
  A black mamba (Lair:1)
  2 centaur zombies (D:10)
  Psyche (D:8)
  2 gargoyles
  3 spiny frogs
  A rime drake (Lair:2)
  3 centaur skeletons
  4 komodo dragons
  2 trolls (D:11)
  A hornet (D:12)
  Grinder (D:5)
  3 blink frogs (Lair:1)
  Prince Ribbit (D:5)
  4 hippogriffs
  3 basilisks
  A wyvern (D:11)
  A shadow (D:12)
  14 yaks
  A vampire (D:12)
  Grum (D:11)
  Menkaure (D:7)
  6 hungry ghosts
  An acid dragon (D:11)
  7 water moccasins
  6 porcupines
  2 black bears
  An ice beast (D:11)
  A hornet zombie (D:7)
  5 orc warriors
  4 phantoms
  4 sky beasts
  An eye of draining (D:12)
  A necrophage (D:5)
  16 wolves
  7 centaurs
  9 ogres
  4 crocodiles
  2 big kobolds
  Blork the orc (D:4)
  6 bullfrogs
  A wyvern zombie (D:10)
  A wyvern skeleton (D:11)
  3 scorpions
  7 killer bees
  7 wights
  3 howler monkeys
  4 crimson imps
  2 bullfrog zombies
  5 hounds
  4 jellies
  10 orc wizards
  8 orc priests
  3 bullfrog skeletons
  2 iguanas
  10 worker ants
  6 ogre zombies (D:9)
  3 worker ant zombies
  9 adders
  3 gnolls (D:6)
  5 shadow imps
  5 oozes
  An adder zombie (D:7)
  2 worms
  A dart slug (D:1)
  7 leopard geckos
  34 orcs
  3 giant cockroaches
  8 goblins
  4 hobgoblins
  9 jackals
  5 quokkas
  7 bats
  5 frilled lizards
  A giant cockroach zombie (D:5)
  A goblin skeleton (D:9)
  2 hobgoblin skeletons (D:9)
  3 hobgoblin zombies (D:9)
  A jackal skeleton (D:8)
  16 kobolds
  A leopard gecko zombie (D:5)
  3 orc skeletons (D:9)
  10 orc zombies (D:9)
  3 quokka skeletons
  4 rats
  2 butterflies (Lair:2)
  A fungus (Lair:1)
379 creatures vanquished.

Vanquished Creatures (collateral kills)
  A hydra (Lair:2)
  A troll (D:10)
  A water moccasin (Lair:2)
  A wolf (Lair:1)
  An orc wizard (D:7)
  A leopard gecko (D:11)
  An orc (D:11)
  A jackal (D:7)
  A ball python (D:5)
9 creatures vanquished.

Vanquished Creatures (others)
  An orc warrior (D:11)
  An orc wizard (D:7)
  A giant cockroach (D:2)
  A goblin (D:2)
  2 plants (Lair:2)
6 creatures vanquished.

Grand Total: 394 creatures vanquished

Notes
Turn   | Place    | Note
-------+----------+-------------------------------------------
     0 | D:1      | seren the Ogre Transmuter began the quest for the Orb.
     0 | D:1      | Reached XP level 1. HP: 19/19 MP: 3/3
    55 | D:1      | Reached XP level 2. HP: 22/28 MP: 5/5
   400 | D:1      | Reached skill level 2 in Fighting
   721 | D:1      | Reached XP level 3. HP: 35/35 MP: 7/7
   836 | D:1      | Learned a level 2 spell: Sticks to Snakes
   840 | D:1      | Learned a level 3 spell: Spider Form
  1053 | D:2      | Found a stormy altar of Qazlal.
  1429 | D:2      | Noticed an ogre
  1695 | D:2      | Learned a level 2 spell: Blink
  1782 | D:3      | Reached XP level 4. HP: 44/44 MP: 8/8
  1967 | D:3      | Reached skill level 3 in Fighting
  2102 | D:3      | Reached XP level 5. HP: 35/53 MP: 9/9
  2861 | D:4      | Noticed Blork the orc
  2910 | D:4      | Noticed an ice beast
  3588 | D:4      | Reached skill level 1 in Poison Magic
  3632 | D:4      | Reached skill level 4 in Fighting
  3801 | D:4      | Noticed an ogre
  3801 | D:4      | Noticed an ogre
  3840 | D:3      | Killed an ogre
  3840 | D:3      | Reached XP level 6. HP: 14/62 MP: 6/10
  4625 | D:4      | Reached XP level 7. HP: 70/70 MP: 8/12
  4736 | D:4      | Found a glowing golden altar of the Shining One.
  4855 | D:4      | Killed Blork the orc
  4855 | D:4      | Reached skill level 1 in Translocations
  5207 | D:4      | Reached skill level 5 in Unarmed Combat
  5321 | D:5      | Entered Level 5 of the Dungeon
  6156 | D:5      | Reached XP level 8. HP: 73/78 MP: 14/14
  6175 | D:5      | Noticed Grinder
  6256 | D:5      | Paralysed by Grinder for 3 turns
  6267 | D:5      | Killed Grinder
  6916 | D:5      | Noticed Prince Ribbit
  6925 | D:5      | Killed Prince Ribbit
  6925 | D:5      | Reached skill level 5 in Spellcasting
  6946 | D:5      | Learned a level 4 spell: Ice Form
  7726 | D:6      | Reached skill level 1 in Ice Magic
  7751 | D:6      | Found a staircase to the Ecumenical Temple.
  7760 | Temple   | Entered the Ecumenical Temple
  7796 | Temple   | Became a worshipper of the Wu Jian Council
  7912 | D:6      | Reached XP level 9. HP: 82/82 MP: 15/17
  8963 | D:7      | Found a flagged portal.
  9125 | D:7      | Reached skill level 5 in Transmutations
  9274 | D:7      | Noticed Menkaure
  9835 | D:7      | Reached skill level 1 in Evocations
 10005 | D:7      | Reached skill level 5 in Fighting
 10121 | D:8      | Found a large runed door.
 10121 | D:8      | Found a large runed door.
 10408 | D:8      | Reached * piety under Wu Jian
 10638 | D:8      | Noticed a gargoyle
 11097 | D:8      | Learned a level 1 spell: Animate Skeleton
 11211 | D:8      | Noticed Psyche
 11246 | D:8      | Noticed azzavlup's ghost (novice DsAK)
 11464 | D:9      | Reached XP level 10. HP: 96/96 MP: 19/19
 11580 | D:9      | Found Xeil's Antique Weapon Shop.
 11817 | D:9      | Noticed a two-headed ogre
 12708 | D:9      | Reached skill level 6 in Fighting
 12714 | D:9      | Reached ** piety under Wu Jian
 12786 | D:9      | Found a staircase to the Orcish Mines.
 13712 | D:10     | Entered Level 10 of the Dungeon
 13756 | D:10     | Reached skill level 7 in Fighting
 14251 | D:8      | Reached *** piety under Wu Jian
 14544 | D:9      | Killed a two-headed ogre
 14544 | D:9      | Reached skill level 1 in Necromancy
 15086 | D:10     | Reached XP level 11. HP: 67/111 MP: 19/22
 15608 | D:9      | Reached skill level 8 in Fighting
 16821 | D:10     | Found a sparkling altar of Nemelex Xobeh.
 17017 | D:11     | Noticed a centaur warrior
 17040 | D:11     | Killed a centaur warrior
 17288 | D:11     | Reached skill level 9 in Fighting
 17342 | D:11     | Noticed a cyclops
 17342 | D:11     | Noticed a cyan ugly thing
 17445 | D:11     | Noticed Fannar
 17518 | D:11     | Reached skill level 5 in Dodging
 17847 | D:11     | Killed a cyclops
 17848 | D:11     | Reached **** piety under Wu Jian
 18044 | D:11     | Killed a cyan ugly thing
 18754 | D:11     | Found a staircase to the Lair.
 18782 | D:11     | Noticed Grum
 18899 | D:11     | Killed Grum
 19096 | D:11     | Learned a level 5 spell: Blade Hands
 19158 | Lair:1   | Entered Level 1 of the Lair of Beasts
 19368 | Lair:1   | Reached XP level 12. HP: 124/124 MP: 17/25
 19527 | Lair:2   | Noticed a seven-headed hydra
 19763 | Lair:1   | Reached skill level 10 in Fighting
 19872 | Lair:1   | Reached skill level 5 in Evocations
 21145 | Lair:1   | Reached skill level 10 in Spellcasting
 21763 | Lair:1   | Noticed a five-headed hydra
 21766 | Lair:1   | Killed a five-headed hydra
 21827 | Lair:1   | Upgraded the game from 0.22-a0-880-gb7b0c8b to 0.23-a0-4-g8f018a2
 23064 | Lair:1   | Reached skill level 11 in Fighting
 23206 | Lair:2   | Killed a seven-headed hydra
 24495 | Lair:3   | Noticed Rupert
 25004 | D:7      | Noticed Harold
 25016 | D:7      | Killed Menkaure
 25089 | D:7      | Killed Harold
 25089 | D:7      | Reached ***** piety under Wu Jian
 25726 | D:8      | Killed Psyche
 25726 | D:8      | Reached XP level 13. HP: 135/137 MP: 20/27
 25910 | D:11     | Killed Fannar
 27088 | D:13     | Slain by a red ugly thing

Vault maps used:
D:1:      dpeg_arrival_tiny_b
D:2:      minmay_misc_feat_five, grunt_qazlal_clouds
D:4:      lemuel_round_altar, first_ration, kennysheep_cluttered_room,
          minmay_crystal_water, uniq_blork_the_orc
D:5:      uniq_prince_ribbit1, uniq_grinder
D:6:      minmay_temple_entry_statues_pillars
D:7:      enter_bailey_3, uniq_harold, uniq_menkaure
D:8:      ebering_ghost_disaster_area, uniq_psyche
D:9:      zombieorc1_lemuel, serial_shops, shop
D:10:     basic_altar
D:11:     minmay_opposing_rooms, uniq_grum, uniq_fannar
D:13:     uniq_maurice
Temple:   nicolae_temple_the_god_donut
Lair:1:   minmay_lair_oklob_chamber
Lair:2:   grunt_megastairs_4, lemuel_fruit_fields
Lair:3:   minmay_shoals_entry_centaurs, spider_nest_entry_web_field,
          uniq_rupert, uniq_gastronok

Skill      XL: |  1  2  3  4  5  6  7  8  9 10 11 12 13 |
---------------+----------------------------------------+-----
Transmutations | 2 3 4 5 6 7 8 |  8.0
Dodging        | 2 3 4 6 7 |  7.1
Fighting       | 2 3 4 5 7 9 11 | 11.9
Unarmed Combat | 3 4 5 7 8 9 |  9.7
Spellcasting   | 3 4 5 6 7 9 10 | 10.6
Poison Magic   | 1 2 |  2.0
Translocations | 1 |  1.0
Ice Magic      | 1 3 4 |  4.0
Evocations     | 2 3 4 6 |  6.0
Necromancy     | 1 2 |  2.0

Action                   |  1- 3 |  4- 6 |  7- 9 | 10-12 | 13-15 || total
-------------------------+-------+-------+-------+-------+-------++-------
Melee: Unarmed           |    58 |   100 |   274 |   907 |   115 ||  1454
       Kick              |     5 |     6 |    13 |     5 |       ||    29
       Headbutt          |     2 |     2 |       |     1 |     7 ||    12
       Punch             |       |     2 |     3 |    23 |     2 ||    30
       Hunting sling     |       |       |     2 |       |       ||     2
 Fire: Hunting sling     |    56 |   105 |   226 |    54 |       ||   441
Throw: Large rock        |       |       |       |     3 |     6 ||     9
 Cast: Beastly Appendage |     4 |     7 |     4 |     3 |     2 ||    20
       Sticks to Snakes  |       |     2 |     5 |     6 |       ||    13
       Spider Form       |       |     3 |    21 |    42 |     3 ||    69
       Animate Skeleton  |       |       |       |    13 |     1 ||    14
       Ice Form          |       |       |       |    13 |     2 ||    15
Invok: Lunge             |       |       |     8 |    89 |    14 ||   111
       Whirlwind         |       |       |       |   215 |    22 ||   237
       Wall Jump         |       |       |       |   131 |     7 ||   138
       Serpent's Lash    |       |       |       |     1 |       ||     1
       Heavenly Storm    |       |       |       |       |     1 ||     1
 Abil: End Transformatio |       |     1 |     1 |     6 |     2 ||    10
Evoke: Wand              |       |       |       |    14 |     1 ||    15
       Box of beasts     |       |       |       |     1 |       ||     1
  Use: Scroll            |       |     7 |     5 |    19 |       ||    31
       Potion            |       |       |     1 |     2 |     3 ||     6
 Stab: Distracted        |       |       |     2 |     2 |       ||     4
       Sleeping          |       |       |       |     2 |     1 ||     3
  Eat: Chunk             |     2 |    10 |    20 |    32 |     4 ||    68
       Ration            |       |       |     2 |     7 |       ||     9
Armor: Robe              |    25 |    32 |    31 |    80 |    11 ||   179
       Skin              |       |       |     4 |    16 |     2 ||    22
Dodge: Dodged            |    44 |    59 |   220 |   626 |    70 ||  1019

Table legend:
 A = Spawn XP
 B = Non-spawn XP
 C = Spawn XP percentage of total XP
 D = Spawn monster count
 E = Non-spawn monster count
 F = Spawn count percentage of total count
 G = Total turns spent on level
                    A         B        C        D         E        F      G
               +---------+---------+-------+---------+---------+-------+---------
         Total |       0 |   36761 |   0.0 |       0 |     386 |   0.0 | 27088
               +---------+---------+-------+---------+---------+-------+---------
           D:1 |       0 |      40 |   0.0 |       0 |      17 |   0.0 |  1084
           D:2 |       0 |     183 |   0.0 |       0 |      16 |   0.0 |  1303
           D:3 |       0 |     263 |   0.0 |       0 |      22 |   0.0 |  1969
           D:4 |       0 |     465 |   0.0 |       0 |      20 |   0.0 |  1328
           D:5 |       0 |    1125 |   0.0 |       0 |      28 |   0.0 |  2043
           D:6 |       0 |     647 |   0.0 |       0 |      21 |   0.0 |  1384
           D:7 |       0 |    2845 |   0.0 |       0 |      35 |   0.0 |  2918
           D:8 |       0 |    1503 |   0.0 |       0 |      21 |   0.0 |  1187
           D:9 |       0 |    4914 |   0.0 |       0 |      63 |   0.0 |  3713
          D:10 |       0 |    2414 |   0.0 |       0 |      33 |   0.0 |  2110
          D:11 |       0 |    7101 |   0.0 |       0 |      36 |   0.0 |  2490
          D:12 |       0 |    2980 |   0.0 |       0 |      19 |   0.0 |   828
          D:13 |       0 |     526 |   0.0 |       0 |       1 |   0.0 |    35
        Lair:1 |       0 |    6888 |   0.0 |       0 |      33 |   0.0 |  2554
        Lair:2 |       0 |    4125 |   0.0 |       0 |      17 |   0.0 |  1905
        Lair:3 |       0 |     742 |   0.0 |       0 |       4 |   0.0 |   185
               +---------+---------+-------+---------+---------+-------+---------
